 Dungeon Crawl Stone Soup version 0.31-a0-365-gcf821cafb2 (webtiles) character file.

Game seed: 16660044335263043093

2 avis the Changeling (level 1, 0/9 HPs)
             Began as a Felid Shapeshifter on July 28, 2023.
             Hit by a stone thrown by a kobold (2 damage)
             ... on level 1 of the Dungeon.
             The game lasted 00:01:07 (85 turns).

avis the Changeling (Felid Shapeshifter)              Turns: 85, Time: 00:01:07

Health: 0/9        AC:  1    Str: 11    XL:     1   Next: 25%
Magic:  2/2        EV: 17    Int:  9    God:
Gold:   17         SH:  0    Dex: 16    Spells: 0/0 levels left
                                        Lives:  0   Deaths: 0

rFire   . .          .
                       - Unarmed
rCold   . . .        (shield unavailable)
rNeg    . . .        (body armour unavailable)
rPois   .            (helmet unavailable)
rElec   .            (cloak unavailable)
rCorr   .            (gloves unavailable)
SInv    +            (boots unavailable)
Will    .....        (no amulet)
Stlth   +            (no ring)
HPRegen 0.21/turn    (no ring)
MPRegen 0.08/turn

%: no passive effects
@: beast-form, quick
A: beast (slay +2), very small, claws 1, fangs 3, see invisible, speed 1, shaggy
fur 1, stealthy paws, no weapons or thrown items, no armour, multi-lived
a: Begin Untransformation


You were on level 1 of the Dungeon.
You were a hulking beast.
You visited 1 branch of the dungeon, and saw 1 of its levels.

You collected 17 gold pieces.

Inventory:

Talismans
 b - a beast talisman
Potions
 a - a potion of lignification


   Skills:
 - Level 1.0 Fighting
 - Level 2.6 Dodging
 - Level 3.0 Unarmed Combat
 * Level 3.4 Shapeshifting


You couldn't memorise any spells.
You didn't know any spells.
Your spell library was empty.

Dungeon Overview and Level Annotations

Branches:
Dungeon (1/15)

Altars:


Innate Abilities, Weirdness & Mutations

You are a hulking beast.
Your limbs bulge with bestial killing power. (Slay +2)
You have sharp claws.
You have razor-sharp teeth.
You have supernaturally acute eyesight. (SInv)
You cover ground quickly. (Speed+)
You are covered in fur. (AC +1)
Your paws help you pounce on unaware monsters.
You are incapable of wielding weapons or throwing items.
You cannot wear armour.
You gain extra lives every three experience levels.


Message History

Your attack delay is about 0.9.
Your damage rating with unarmed combat is about 10 (Base [5 + 3 (UC)] x 102% (Str) x 101% (Fight) + 2 (Slay)).
Unknown command.
Found an escape hatch in the floor.
Found 5 stones.
Found 5 stones.
You now have 17 gold pieces.
A kobold comes into view.
It is wielding a +2 short sword of protection.
Found 4 stones.
The kobold shouts!
You hear a shout!
The kobold throws a stone.
The stone closely misses you.
A kobold comes into view. It is wielding a +0 whip.
You hear an angry hiss.
A hobgoblin comes into view.
Found a long sword.
The hobgoblin shouts!
You hear a shout!
A hobgoblin comes into view.
The kobold throws a stone.
The stone completely misses you.
The kobold throws a stone.
The stone closely misses you.
The kobold throws a stone.
The stone completely misses you.
The kobold throws a stone.
The stone hits you.
A ball python comes into view.
You claw the hobgoblin!
You kill the hobgoblin!
The kobold throws a stone.
The stone misses you.
You scratch the kobold but do no damage.
The kobold closely misses you.
You claw the kobold!
You kill the kobold!
You scratch the kobold but do no damage.
The kobold completely misses you.
You miss the kobold.
The kobold hits you with a +2 short sword of protection.
You scratch the kobold but do no damage.
The kobold hits you with a +2 short sword of protection.
You barely miss the kobold.
The kobold hits you with a +2 short sword of protection.
* * * LOW HITPOINT WARNING * * *
The kobold throws a stone.
The stone hits you.
You die...

......K...#
..........#
..........#
.)........##
...........#
.#########S# #K#
###.## ##.h..#
###..##.###
###...###...###
#.##.............#
#.##....^........##
#(#...###...###...#
#.#...#......<#...#
#.#...#.......#...#
#.##.............##


You could see a ball python and a kobold.

Vanquished Creatures
  A hobgoblin (D:1)
  A kobold (D:1)
2 creatures vanquished.

Notes
Turn   | Place    | Note
-------+----------+-------------------------------------------
     0 | D:1      | avis the Felid Shapeshifter began the quest for the Orb.
     0 | D:1      | Reached XP level 1. HP: 9/9 MP: 2/2
    85 | D:1      | Hit by a stone thrown by a kobold

Illustrated notes

Levels and vault maps discovered:
D:1:      minmay_arrival_open_corners, layout_basic,
          ebering_ecumenical_altar_rust

Action                     || total
---------------------------++-------
  Melee: Unarmed           ||     7
  Dodge: Dodged            ||     7

Table legend: (Time is in decaauts)
 A = Elapsed time spent in this place.
 B = Non-inter-level travel time spent in this place.
 C = Inter-level travel time spent in this place.
 D = Time resting spent in this place.
 E = Time spent auto-exploring this place.
 F = Levels seen in this place.
 G = Mean time per level.
                   A        B        C        D        E       F      G
               +--------+--------+--------+--------+--------+-----+--------+
         Total |     70 |     70 |      0 |      0 |     48 |   1 |   70.0 |
       Dungeon |     70 |     70 |      0 |      0 |     48 |   1 |   70.0 |
               +--------+--------+--------+--------+--------+-----+--------+

Top non-repeatable levels by time:
     D:1: 70 daAuts
